 Dungeon Crawl Stone Soup version 0.31-a0-210-gccc998df9b (webtiles) character file.

Game seed: 10643160893089791910

107 qw the Shooter (level 4, 0/36 HPs)
             Began as a Minotaur Hexslinger on June 30, 2023.
             Was an Initiate of Okawaru.
             Slain by a goblin
             ... wielding a +1 dagger of speed
             ... led by Robin
              (3 damage)
             ... on level 3 of the Dungeon.
             The game lasted 00:00:46 (2462 turns).

qw the Shooter (Minotaur Hexslinger)                Turns: 2462, Time: 00:00:46

Health: 0/36       AC:  6    Str:  9 (11) XL:     4   Next: 56%
Magic:  3/3        EV: 10    Int: 14      God:    Okawaru [......]
Gold:   32         SH:  0    Dex: 12 (14) Spells: 4/5 levels left

rFire   . . .        Y - +2 sling
rCold   . . .        (no shield)
rNeg    . . .        i - +0 ring mail
rPois   .            (helmet restricted)
rElec   .            c - +0 cloak
rCorr   .            (no gloves)
SInv    .            (no boots)
Will    .....        (no amulet)
Stlth   +            (no ring)
HPRegen 0.26/turn    (no ring)
MPRegen 0.08/turn

%: no passive effects
@: no status effects
A: horns 2, retaliatory headbutt, hooves 1, clever 1, low MP 1
a: Renounce Religion


You were on level 3 of the Dungeon.
You worshipped Okawaru.
Okawaru was noncommittal.
You visited 1 branch of the dungeon, and saw 3 of its levels.

You collected 197 gold pieces.
You spent 165 gold pieces at shops.


Innate Abilities, Weirdness & Mutations

You have a pair of horns on your head.
You reflexively headbutt those who attack you in melee.
You have large cloven feet.
Your mind is acute. (Int +4, Str/Dex -1)
Your magical capacity is low. (-10% MP)


   Skills:
 - Level 2.0 Fighting
 + Level 4.9 Ranged Weapons
 - Level 1.1 Armour
 - Level 2.1 Dodging
 - Level 1.0 Spellcasting
 - Level 2.0 Hexes


You had 4 spell levels left.
You knew the following spells:

 Your Spells              Type           Power      Damage    Failure   Level
a - Slow                  Hex            24%        N/A       32%         1

Your spell library contained the following spells:

 Spells                   Type           Power      Damage    Failure   Level
 Inner Flame              Hex/Fire       3%         N/A       82%         3
 Portal Projectile        Hex/Tloc       6%         N/A       82%         3
 Cause Fear               Hex            3%         N/A       97%         4

Inventory:

Hand Weapons
 Y - a +2 sling (weapon)
Armour
 c - a +0 cloak (worn)
 i - a +0 ring mail (worn)
Scrolls
 a - 7 scrolls of identify
 g - a scroll of teleportation {unknown}
 h - a scroll of revelation {unknown}
 j - a scroll of noise {unknown}
Potions
 b - a potion of enlightenment
 d - 3 potions of curing
 e - a potion of mutation
 f - a potion of might

Dungeon Overview and Level Annotations

Branches:
Dungeon (3/15)

Altars:
Ashenzari
Elyvilon
Fedhas
Makhleb
Okawaru
Xom
Yredelemnul
The Shining One

Shops:
D:3 :?!!!

Annotations:
D:3 3 runed translucent doors, Robin; qw's ghost, amateur DEHu


Message History

Okawaru accepts your kill.
The goblin unwields a +0 sling.
The goblin wields a +0 club.
The goblin hits you with a +0 club.
The goblin hits you with a +1 dagger of speed.
The goblin hits you with a +0 club. Robin throws the goblin at you!
The goblin hits you but does no damage.
You shoot a sling bullet. The sling bullet hits the goblin!
You kill the goblin!
Okawaru accepts your kill.
The goblin hits you with a +1 dagger of speed.
The goblin hits you with a +0 club. The goblin hits you but does no damage.
The goblin closely misses you.
You shoot a sling bullet. The sling bullet hits the goblin.
You kill the goblin!
Okawaru accepts your kill.
The goblin closely misses you. x2; Robin hits you but does no damage.
The goblin hits you but does no damage.
The goblin hits you with a +1 dagger of speed.
You shoot a sling bullet.
The sling bullet barely misses the goblin.
The goblin hits you but does no damage. Robin misses you.
The goblin completely misses you. You furiously retaliate!
You headbutt the goblin.
You kill the goblin!
Okawaru accepts your kill. The goblin closely misses you.
The goblin hits you but does no damage.
The hobgoblin hits you but does no damage.
The goblin hits you with a +0 club.
Robin says, "Duck!"
Robin hits you from afar with a +0 spear.
The goblin closely misses you.
You shoot a sling bullet. The sling bullet hits the goblin.
You kill the goblin!
Okawaru accepts your kill. The goblin hits you but does no damage.
Robin closely misses you. The hobgoblin barely misses you.
You furiously retaliate!
You headbutt the hobgoblin, but do no damage.
The goblin hits you with a +0 dagger.
The goblin hits you with a +1 dagger of speed.
You die...

..~~~..#...#..#
.~~#########..#...#
.~~#..........#...#
)..)..........#...#
..)'..........#.).#
...'..........#...#
#~~#..........#g%.#
#~~#########..##g)#
##~~~..#...#...g@)#
#~~~..'...'....g.#
##~~..#...#...)..#
############


You could see Robin, a hobgoblin (strong) and 2 goblins.

Vanquished Creatures
  5 adders (D:3)
  A worm (D:2)
  A dart slug (D:2)
  An orc (D:3)
  5 endoplasms
  A giant cockroach (D:2)
  15 goblins
  7 hobgoblins
  3 jackals (D:3)
  2 kobolds
  3 ball pythons
  3 bats
  2 frilled lizards
  2 rats (D:1)
51 creatures vanquished.

Notes
Turn   | Place    | Note
-------+----------+-------------------------------------------
     0 | D:1      | qw the Minotaur Hexslinger began the quest for the Orb.
     0 | D:1      | Reached XP level 1. HP: 16/16 MP: 1/1
     0 | D:1      | 0 ||| qw: Version: 0.3-a-24-ga2abf7b
     0 | D:1      | 0 ||| qw: Game counter: 7136
     0 | D:1      | 0 ||| qw: Melee chars always use a shield: true
     0 | D:1      | 0 ||| qw: God list: Okawaru
     0 | D:1      | 0 ||| qw: Allow faded altars: false
     0 | D:1      | 0 ||| qw: Do Orc after clearing Dungeon:15 true
     0 | D:1      | 0 ||| qw: Do second Lair branch before Depths: true
     0 | D:1      | 0 ||| qw: Lair rune preference: random
     0 | D:1      | 0 ||| qw: Goals: Normal
     0 | D:1      | 0 ||| PLANNING D:1-11
   205 | D:1      | Reached skill level 3 in Ranged Weapons
   246 | D:1      | Reached XP level 2. HP: 20/23 MP: 2/2
   918 | D:1      | 918 ||| UPGRADING to +0 leather armour.
   928 | D:1      | 928 ||| DROPPING +0 robe.
   929 | D:1      | 929 ||| UPGRADING to +0 ring mail.
   939 | D:1      | 939 ||| DROPPING +0 leather armour.
   940 | D:1      | 940 ||| READING 4 scrolls labelled BEUPLIHOKH.
   941 | D:1      | 941 ||| READING scroll labelled CITROM OTIMI.
   942 | D:1      | 942 ||| READING scroll labelled TIEFEJ HAIFIVI.
   943 | D:1      | 943 ||| DRINKING 2 smoky pink potions.
   944 | D:1      | 944 ||| DROPPING 3 scrolls of fog.
   945 | D:1      | 945 ||| DROPPING scroll of poison.
   946 | D:1      | 946 ||| DROPPING potion of degeneration.
  1377 | D:2      | 1377 ||| FLEEEEING.
  1378 | D:2      | 1378 ||| FLEEEEING.
  1382 | D:2      | 1382 ||| FLEEEEING.
  1383 | D:2      | 1383 ||| FLEEEEING.
  1384 | D:2      | 1384 ||| FLEEEEING.
  1385 | D:2      | 1385 ||| FLEEEEING.
  1386 | D:2      | 1386 ||| FLEEEEING.
  1395 | D:2      | Reached XP level 3. HP: 28/29 MP: 3/3
  1787 | D:2      | 1787 ||| UPGRADING to +0 cloak.
  1792 | D:2      | 1792 ||| READING scroll labelled PYLECR HEPN.
  1793 | D:2      | 1793 ||| READING scroll labelled ASHRUO OG KOSE.
  1794 | D:2      | 1794 ||| READING scroll labelled YTIURA SOTU RUG.
  1795 | D:2      | 1795 ||| DRINKING 2 glowing brown potions.
  1795 | D:2      | Gained mutation: Your magical capacity is low. (-10% MP)
                  | [potion of mutation]
  1795 | D:2      | Gained mutation: Your mind is acute. (Int +4, Str/Dex -1)
                  | [potion of mutation]
  1795 | D:2      | Gained mutation: You have large cloven feet. [potion of
                  | mutation]
  1796 | D:2      | 1796 ||| READING 4 scrolls of identify.
  1796 | D:2      | 1796 ||| IDENTIFYING green potion
  1845 | D:3      | Found Ristrecoe's Book Shop.
  1856 | D:3      | Found an iron altar of Okawaru.
  1857 | D:3      | 1857 ||| PLANNING OKAWARU WORSHIP
  1866 | D:3      | Became a worshipper of Warmaster Okawaru
  1867 | D:3      | 1867 ||| PLANNING D:1-11
  1871 | D:3      | Reached skill level 1 in Armour
  1896 | D:3      | Found Iplaff's Distillery.
  1905 | D:3      | 1905 ||| BUYING potion of curing (33 gold).
  1905 | D:3      | Bought a potion of curing for 33 gold pieces
  1905 | D:3      | 1905 ||| BUYING potion of curing (33 gold).
  1905 | D:3      | Bought a potion of curing for 33 gold pieces
  1905 | D:3      | 1905 ||| BUYING potion of enlightenment (55 gold).
  1905 | D:3      | Bought a potion of enlightenment for 55 gold pieces
  1905 | D:3      | 1905 ||| BUYING potion of might (44 gold).
  1905 | D:3      | Bought a potion of might for 44 gold pieces
  1905 | D:3      | 1905 ||| SHOPLISTING potion of mutation (88 gold, have 1).
  1905 | D:3      | 1905 ||| SHOPLISTING potion of resistance (110 gold, have
                  | 1).
  1918 | D:3      | Reached skill level 4 in Ranged Weapons
  1950 | D:3      | Found Eseavoq's Distillery.
  1959 | D:3      | 1959 ||| SHOPLISTING potion of curing (33 gold, have 1).
  1959 | D:3      | 1959 ||| SHOPLISTING potion of enlightenment (55 gold, have
                  | 1).
  1959 | D:3      | 1959 ||| SHOPLISTING potion of haste (110 gold, have 1).
  1959 | D:3      | 1959 ||| SHOPLISTING potion of heal wounds (55 gold, have
                  | 1).
  1959 | D:3      | 1959 ||| SHOPLISTING potion of might (44 gold, have 1).
  1959 | D:3      | 1959 ||| SHOPLISTING potion of mutation (88 gold, have 1).
  1977 | D:3      | Found Ehyuci's Distillery.
  1983 | D:3      | Found a runed translucent gate.
  1984 | D:3      | Found a runed translucent gate.
  1990 | D:3      | 1990 ||| SHOPLISTING potion of curing (39 gold, have 18).
  1990 | D:3      | 1990 ||| SHOPLISTING potion of haste (130 gold, have 18).
  1990 | D:3      | 1990 ||| SHOPLISTING potion of might (52 gold, have 18).
  1990 | D:3      | 1990 ||| SHOPLISTING potion of mutation (104 gold, have
                  | 18).
  2011 | D:3      | Found a runed translucent gate.
  2039 | D:3      | Found Puceyso's Magic Scroll Shoppe.
  2061 | D:3      | 2061 ||| SHOPLISTING scroll of identify (22 gold, have 18).
  2061 | D:3      | 2061 ||| SHOPLISTING scroll of teleportation (33 gold, have
                  | 18).
  2130 | D:3      | Reached XP level 4. HP: 24/36 MP: 3/3
  2284 | D:3      | Found a shimmering altar of Xom.
  2286 | D:3      | Found a white marble altar of Elyvilon.
  2286 | D:3      | Found a blossoming altar of Fedhas.
  2286 | D:3      | Found a burning altar of Makhleb.
  2286 | D:3      | Found a broken altar of Ashenzari.
  2286 | D:3      | Found a glowing golden altar of the Shining One.
  2288 | D:3      | Found a basalt altar of Yredelemnul.
  2305 | D:3      | Noticed qw's ghost (amateur DEHu)
  2453 | D:3      | Noticed Robin
  2461 | D:3      | HP: 8/36 [goblin/+0 club[Robin] (3)]
  2461 | D:3      | HP: 3/36 [Robin/+0 spear (5)]
  2462 | D:3      | Slain by a goblin

Levels and vault maps discovered:
D:1:      elethiomel_arrival_infinity_welcomes_careful_drivers, layout_basic
D:2:      layout_basic
D:3:      kennysheep_goblin_castle, layout_rooms,
          mainiacjoe_overflow_small_starburst, minitemple, gammafunk_ghost_icy,
          serial_shops, nicolae_shop_tiny_statue_garden,
          nicolae_shop_industrial_runoff, nicolae_shop_industrial_runoff,
          nicolae_shop_waterfront, shop

Skill      XL: |  1  2  3 |
---------------+----------+-----
Ranged Weapons | 3 4 |  4.9
Fighting       | 2 |  2.0
Armour         | 1 |  1.1
Dodging        | |  2.1
Spellcasting   | |  1.0
Hexes          | |  2.0

Action                     |  1- 3 |  4- 6 || total
---------------------------+-------+-------++-------
   Fire: Sling             |   107 |    36 ||   143
    Use: Scroll            |     7 |       ||     7
         Potion            |     2 |       ||     2
 Armour: Ring mail         |     6 |    18 ||    24
         Robe              |     1 |       ||     1
  Dodge: Dodged            |    25 |    33 ||    58

Table legend:
 A = Non-vault XP
 B = Vault XP
 C = Vault XP percentage of total XP
 D = Non-vault monster count
 E = Vault monster count
 F = Vault count percentage of total count
                 A         B        C        D         E       F
            +---------+---------+-------+---------+---------+-------
      Total |     123 |      32 |  20.6 |      35 |      16 |  31.4
            +---------+---------+-------+---------+---------+-------
        D:1 |      23 |       0 |   0.0 |      13 |       0 |   0.0
        D:2 |      22 |       0 |   0.0 |      11 |       0 |   0.0
        D:3 |      78 |      32 |  29.1 |      11 |      16 |  59.3
            +---------+---------+-------+---------+---------+-------
